 Seeded DCSS version 0.29-a0-559-g359e09b9d1 (webtiles) character file.

Game seed: 20220609 (custom seed)

44393 Kazon the Victor of a Thousand Battles (level 13, 0/108 HPs)
             Began as a Demonspawn Gladiator on June 9, 2022.
             Was the Champion of Okawaru.
             Slain by Rupert
             ... wielding a +1 battleaxe of freezing
              (9 damage)
             ... on level 6 of the Lair of Beasts.
             The game lasted 01:21:24 (13279 turns).

Kazon the Victor of a Thousand Battles (DsGl)      Turns: 13279, Time: 01:21:25

Health: 0/108      AC: 25    Str: 24    XL:     13   Next: 96%
Magic:  16/21      EV: 21    Int: 10    God:    Okawaru [******]
Gold:   709        SH: 12    Dex: 21    Spells: 12/12 levels left

rFire   . . .      SeeInvis +   q - +4 mace of Imminent Death {venom, Dex+5}
rCold   . . .      Faith    .   c - +0 buckler
rNeg    + . .      Spirit   .   n - +4 robe "Cuadoc" {Slay+6 SInv}
rPois   +          Reflect  .   (helmet restricted)
rElec   .          Harm     .   O - +0 cloak
rCorr   .          Rampage  .   S - +1 pair of gloves
Will    .....                   d - +2 pair of boots {Stlth+}
Stlth   +++++.....              D - amulet "Mung" {rN+ Regen+}
HPRegen 1.08/turn               l - +6 ring of strength
MPRegen 0.17/turn               U - ring of poison resistance

@: heroic, finesse-ful
A: antennae 2, rugged brown scales 2, icemail 2, spiny 2, condensation shield
a: Renounce Religion, Heroism, Finesse, Duel


You were on level 6 of the Lair of Beasts.
You worshipped Okawaru.
Okawaru was exalted by your worship.
You visited 2 branches of the dungeon, and saw 15 of its levels.

You collected 1096 gold pieces.
You spent 387 gold pieces at shops.

Inventory:

Hand Weapons
 a - a +7 flail
 q - the +4 mace of Imminent Death (weapon) {venom, Dex+5}
   (You found it on level 5 of the Lair of Beasts)

   It poisons the flesh of those it strikes.
   Dex:       It affects your dexterity (+5).
 v - a +0 vampiric whip
 w - a +2 hand crossbow of flaming
Missiles
 e - 3 javelins
 h - 464 stones
 k - 5 curare-tipped darts
 s - 21 boomerangs
 E - 10 atropa-tipped darts
 I - 30 poisoned darts
 P - 6 silver javelins
 W - 3 throwing nets
Armour
 c - a +0 buckler (worn)
 d - a +2 pair of boots of stealth (worn)
 n - the +4 robe "Cuadoc" (worn) {Slay+6 SInv}
   (You found it on level 2 of the Dungeon)

   Slay:      It affects your accuracy & damage with ranged weapons and melee
   (+6).
   SInv:      It lets you see invisible.
 K - the +1 plate armour of Grot {+Blink}
   (Okawaru gifted it to you on level 6 of the Lair of Beasts)

   +Blink:    It lets you blink.
 O - a +0 cloak (worn)
 S - a +1 pair of gloves (worn)
Jewellery
 l - a +6 ring of strength (left hand)
 D - the amulet "Mung" (around neck) {rN+ Regen+}
   (You found it on level 5 of the Dungeon)

   [amulet of regeneration]

   rN:        It protects you from negative energy.
   Regen:     It increases your rate of health regeneration.
 U - a ring of poison resistance (right hand)
Wands
 o - a wand of flame (7)
 y - a wand of acid (6)
 M - a wand of iceblast (8)
Scrolls
 f - a scroll of torment {unknown}
 g - 6 scrolls of blinking {unknown}
 j - 5 scrolls of noise {unknown}
 p - a scroll of fog
 x - a scroll of enchant armour
 B - 2 scrolls of fear {unknown}
 F - 12 scrolls of teleportation
 H - 3 scrolls of poison {unknown}
 V - 2 scrolls of magic mapping {unknown}
Potions
 b - 6 potions of resistance
 i - 4 potions of might
 r - 12 potions of curing
 t - 3 potions of heal wounds
 u - 2 potions of cancellation
 z - 2 potions of brilliance
 A - 4 potions of haste
 C - 8 potions of flight {unknown}
 G - a potion of berserk rage {unknown}
 J - 2 potions of mutation {unknown}
 Q - a potion of ambrosia {unknown}


   Skills:
 * Level 9.9(14.9) Fighting
 + Level 10.9(15.9) Maces & Flails
 + Level 0.1(5.1) Crossbows
 + Level 4.7(9.7) Throwing
 * Level 8.8(13.8) Armour
 + Level 7.6(12.6) Dodging
 + Level 4.0(9.0) Stealth
 + Level 6.0(11.0) Shields
 * Level 11.2 Invocations
 * Level 9.1 Evocations


You had 12 spell levels left.
You didn't know any spells.
Your spell library contained the following spells:

 Spells                   Type           Power      Damage    Failure   Level
 Beastly Appendage        Tmut           0%         N/A       41%         1
 Shock                    Conj/Air       0%         1d3       41%         1
 Sublimation of Blood     Necr           0%         N/A       56%         2
 Wereblood                Tmut           0%         N/A       56%         2
 Gell's Gravitas          Tloc           0%         N/A       80%         3
 Lesser Beckoning         Tloc           0%         N/A       80%         3
 Portal Projectile        Hex/Tloc       0%         N/A       80%         3
 Spider Form              Tmut/Pois      0%         N/A       80%         3
 Stone Arrow              Conj/Erth      0%         3d7       80%         3
 Swiftness                Air            0%         N/A       80%         3
 Teleport Other           Tloc           0%         N/A       80%         3
 Airstrike                Air            0%         N/A       99%         4
 Leda's Liquefaction      Hex/Erth       0%         N/A       99%         4
 Lehudib's Crystal Spear  Conj/Erth      0%         10d2      100%        8
 Call Canine Familiar     Summ           Unusable   N/A       N/A         3
 Animate Armour           Summ/Erth      Unusable   N/A       N/A         4
 Summon Hydra             Summ           Unusable   N/A       N/A         7

Dungeon Overview and Level Annotations

Branches:
Dungeon (9/15)             Temple (0/1) D:4            Lair (6/6) D:9
 Shoals (0/4) Lair:2       Spider (0/4) Lair:2
  Slime: Lair:5-6       Orc: D:9-12

Altars:
Cheibriados
Gozag
Okawaru

Shops:
D:1 *   D:2 [   D:6 !!(((   D:8 *

Portals:
Abyss: Lair:4

Annotations:
D:6 3 runed translucent doors, DocClef's ghost, weakling GnDe
Lair:3 3 runed translucent doors, siradein's ghost, journeyman GrEE
Lair:4 2 transporters, Daelid's ghost, journeyman MfGl
Lair:6 Rupert


Innate Abilities, Weirdness & Mutations

You have a pair of antennae on your head.
You are mostly covered in rugged brown scales. (AC +2, +5% HP)
A meltable icy envelope protects you from harm. (AC +8)
You are mostly covered in sharp spines.
A meltable shield of frost defends you. (SH +4)


Message History

Rupert is heavily wounded.
You block Rupert's attack.
You sock Rupert!
Rupert is heavily wounded.
Rupert closely misses you. Rupert is struck by your spines.
Rupert hits you but does no damage.
You barely miss Rupert.
Rupert is heavily wounded.
You gain the combat prowess of a mighty hero.
Rupert is struck by your spines.
Rupert hits you with a +1 battleaxe of freezing.
* * * LOW HITPOINT WARNING * * *
Rupert freezes you.
* * * LOW HITPOINT WARNING * * *
You block Rupert's attack.
You sock Rupert!
Rupert is severely wounded.
You completely miss Rupert.
Rupert is severely wounded.
You block Rupert's attack.
You closely miss Rupert.
Rupert is severely wounded.
Rupert is struck by your spines. Rupert misses you.
You sock Rupert!
Rupert looks as sick as possible!
Rupert is severely wounded.
You hit Rupert.
Rupert looks as sick as possible!
Rupert is severely wounded.
You block Rupert's attack.
You completely miss Rupert.
Rupert is severely wounded.
You sock Rupert!
Rupert looks as sick as possible!
Rupert is almost dead.
Rupert barely misses you.
You sock Rupert!
Rupert is almost dead.
Rupert is struck by your spines.
Rupert hits you with a +1 battleaxe of freezing!!
* * * LOW HITPOINT WARNING * * *
Rupert freezes you!
You die...

..## .. ..### #.....
....# #P..... ...##
###......# ..#.# ###
###.......P# ...###
#.####..........#
..##.###..#.............
..#.....................
......#..P.#...@@.......
P≈♣≈..##.###............
≈≈≈♣≈.#####......##.....
.≈≈P≈## #.........##....
≈≈..## #.......### P..#
#...# .........# ..
...## ##.....#### . ....
###..## .. ####


You could see Rupert (berserk, extremely poisoned).

Vanquished Creatures
  Josephine (Lair:4)
  A catoblepas (Lair:2)
  4 hydras
  A two-headed ogre (D:7)
  Pikel (D:5)
  A manticore (D:7)
  Maurice (D:8)
  21 elephants
  2 merfolk sirens (Lair:2)
  6 black mambas
  16 cane toads
  Maggie (D:8)
  8 komodo dragons
  2 rime drakes
  An ancient zyme (Lair:6)
  A troll (D:7)
  2 merfolk (Lair:2)
  3 polar bears
  A tarantella (Lair:2)
  A hornet (Lair:3)
  14 blink frogs
  4 wyverns
  6 spriggans
  3 wraiths
  8 basilisks
  Eustachio (D:4)
  41 yaks
  3 steam dragons
  4 vampire mosquitoes (D:8)
  A small abomination (Lair:6)
  An acid dragon (D:9)
  Duvessa (D:4)
  13 water moccasins
  2 orc warriors
  4 black bears
  An ice beast (D:7)
  2 ogres
  3 sky beasts
  15 wolves
  2 centaurs
  3 lemures (D:5)
  4 kobold brigands
  11 bullfrogs
  A necrophage (D:7)
  A gnoll sergeant (D:7)
  4 scorpions
  7 wights
  Dowan (D:4)
  A killer bee (D:8)
  An electric eel (Lair:4)
  3 howler monkeys
  6 hounds
  3 jellies
  2 orc priests
  5 gnoll shamans
  An iguana (D:6)
  11 orc wizards
  14 hell rats
  11 gnolls
  5 adders
  4 shadow imps
  A white imp (D:7)
  3 ufetubi
  4 dart slugs
  28 orcs
  7 ball pythons
  9 endoplasms
  3 giant cockroaches
  5 goblins
  10 hobgoblins
  7 jackals (D:4)
  4 quokkas
  8 bats
  5 frilled lizards
  9 kobolds
  4 rats
410 creatures vanquished.

Vanquished Creatures (others)
  A bush (Lair:2)
  30 fungi
  91 plants
122 creatures vanquished.

Grand Total: 532 creatures vanquished

Notes
Turn   | Place    | Note
-------+----------+-------------------------------------------
     0 | D:1      | Kazon the Demonspawn Gladiator began the quest for the Orb.
     0 | D:1      | Reached XP level 1. HP: 16/16 MP: 1/1
   416 | D:1      | Gained mutation: A meltable shield of frost defends you.
                  | (SH +4) [demonic ancestry]
   416 | D:1      | Reached XP level 2. HP: 20/22 MP: 2/2
   646 | D:1      | Found Tapsol's General Store.
   724 | D:1      | Gained mutation: You have a pair of small antennae on your
                  | head. [demonic ancestry]
   724 | D:1      | Reached XP level 3. HP: 28/28 MP: 3/3
  1148 | D:2      | Found an iron altar of Okawaru.
  1164 | D:2      | Found Esoer's Armour Boutique.
  1179 | D:2      | Became a worshipper of Warmaster Okawaru
  1324 | D:2      | HP: 1/28 [poisoned by an adder]
  1665 | D:2      | Identified the +4 robe "Cuadoc" {Slay+6 SInv}
  1849 | D:2      | Reached XP level 4. HP: 34/34 MP: 4/4
  1911 | D:2      | Found a faded altar of an unknown god.
  2094 | D:2      | Reached skill level 1 in Invocations
  2879 | D:4      | Found a staircase to the Ecumenical Temple.
  2888 | D:4      | Gained mutation: A meltable icy envelope protects you from
                  | harm. (AC +8) [demonic ancestry]
  2888 | D:4      | Reached XP level 5. HP: 41/41 MP: 6/6
  2923 | D:4      | Reached skill level 1 in Armour
  2927 | D:4      | Reached skill level 2 in Invocations
  3014 | D:4      | Noticed Duvessa
  3014 | D:4      | Noticed Dowan
  3026 | D:4      | Killed Duvessa
  3026 | D:4      | Reached * piety under Okawaru
  3027 | D:4      | Gained mutation: A meltable icy envelope protects you from
                  | harm. (AC +8) [demonic ancestry]
  3027 | D:4      | Reached XP level 6. HP: 25/47 MP: 7/7
  3051 | D:4      | Killed Dowan
  3052 | D:4      | Reached skill level 1 in Stealth
  3327 | D:4      | Noticed Eustachio
  3349 | D:4      | Killed Eustachio
  3350 | D:4      | Reached skill level 1 in Shields
  3350 | D:4      | Reached skill level 3 in Invocations
  3393 | D:4      | Gained mutation: You have a pair of antennae on your head.
                  | [demonic ancestry]
  3393 | D:4      | Reached XP level 7. HP: 8/53 MP: 7/9
  3880 | D:5      | Entered Level 5 of the Dungeon
  3952 | D:5      | Identified the amulet "Mung" {rN+ Regen+}
  3989 | D:5      | Reached ** piety under Okawaru
  4063 | D:5      | Reached skill level 5 in Maces & Flails
  4063 | D:5      | Reached skill level 1 in Evocations
  4089 | D:5      | Reached skill level 4 in Invocations
  4173 | D:5      | Noticed a yak
  4202 | D:5      | Gained mutation: You are partially covered in rugged brown
                  | scales. (AC +1, +3% HP) [demonic ancestry]
  4202 | D:5      | Reached XP level 8. HP: 49/61 MP: 11/11
  4307 | D:5      | Noticed Pikel
  4328 | D:5      | Killed Pikel
  4328 | D:5      | Reached *** piety under Okawaru
  4329 | D:5      | Reached skill level 5 in Invocations
  4807 | D:6      | Found Edeefuo's Weapon Shop.
  4829 | D:6      | Gained mutation: You are partially covered in sharp spines.
                  | [demonic ancestry]
  4829 | D:6      | Reached XP level 9. HP: 67/67 MP: 12/12
  4947 | D:6      | Found Tehaqowkut's Antique Weapon Shoppe.
  4949 | D:6      | Found a runed translucent gate.
  4949 | D:6      | Found a runed translucent gate.
  4949 | D:6      | Found a runed translucent gate.
  4950 | D:6      | Found an opulent altar of Gozag.
  4951 | D:6      | Noticed DocClef's ghost (weakling GnDe)
  4951 | D:6      | Noticed an unseen horror
  5004 | D:6      | Found Uvuiri's Distillery.
  5006 | D:6      | Found Uwyo's Distillery.
  5012 | D:6      | Bought a potion of heal wounds for 60 gold pieces
  5019 | D:6      | Bought a potion of curing for 33 gold pieces
  5019 | D:6      | Bought a potion of degeneration for 11 gold pieces
  5019 | D:6      | Bought a potion of attraction for 33 gold pieces
  5070 | D:6      | Found Palini's Antique Weapon Shop.
  5146 | D:6      | Reached **** piety under Okawaru
  5345 | D:7      | Reached skill level 5 in Fighting
  5448 | D:7      | Noticed a two-headed ogre
  5457 | D:7      | Noticed a troll
  5464 | D:7      | Killed a two-headed ogre
  5464 | D:7      | Received a gift from Okawaru
  5465 | D:7      | Reached skill level 5 in Dodging
  5465 | D:7      | Reached skill level 6 in Invocations
  5480 | D:7      | Killed a troll
  5481 | D:7      | Reached XP level 10. HP: 59/78 MP: 12/14
  5601 | D:7      | Noticed a manticore
  5616 | D:7      | Reached ***** piety under Okawaru
  5632 | D:7      | Reached skill level 5 in Evocations
  5633 | D:7      | Killed a manticore
  5634 | D:7      | Reached skill level 5 in Armour
  5662 | D:7      | Received a gift from Okawaru
  5725 | D:7      | Found a snail-covered altar of Cheibriados.
  5956 | D:7      | Reached skill level 7 in Invocations
  6615 | D:8      | Received a gift from Okawaru
  6758 | D:6      | Bought a glowing broad axe for 161 gold pieces
  6849 | D:8      | Found Vehoh's Assorted Antiques.
  6860 | D:8      | Bought a scroll labelled XOVVINNUHA for 31 gold pieces
  6860 | D:8      | Bought a fuming brown potion for 27 gold pieces
  6860 | D:8      | Bought a scroll labelled VUORAPS RUGAT for 31 gold pieces
  6874 | D:8      | Noticed Maggie
  6885 | D:8      | Noticed Maurice
  6904 | D:8      | Killed Maggie
  6904 | D:8      | Received a gift from Okawaru
  6905 | D:8      | Gained mutation: You are mostly covered in rugged brown
                  | scales. (AC +2, +5% HP) [demonic ancestry]
  6905 | D:8      | Reached XP level 11. HP: 59/88 MP: 16/16
  6910 | D:8      | Killed Maurice
  7442 | D:9      | Reached skill level 8 in Invocations
  7758 | D:9      | Found a staircase to the Lair.
  7887 | Lair:1   | Entered Level 1 of the Lair of Beasts
  8738 | Lair:2   | Reached ****** piety under Okawaru
  8972 | Lair:2   | Noticed a catoblepas
  9012 | Lair:2   | Killed a catoblepas
  9012 | Lair:2   | Received a gift from Okawaru
  9173 | Lair:2   | Reached XP level 12. HP: 96/96 MP: 18/18
  9280 | Lair:2   | Found a hole to the Spider Nest.
  9297 | Lair:2   | Reached skill level 9 in Invocations
  9304 | Lair:2   | Found a staircase to the Shoals.
  9896 | Lair:3   | Noticed a seven-headed hydra
  9909 | Lair:3   | Killed a seven-headed hydra
 10219 | Lair:3   | Identified the +1 robe of the Cicada {rC+ MP+9} (Okawaru
                  | gifted it to you on level 3 of the Lair of Beasts)
 10219 | Lair:3   | Received a gift from Okawaru
 10476 | Lair:3   | Found a runed translucent gate.
 10478 | Lair:3   | Found a runed translucent gate.
 10479 | Lair:3   | Found a runed translucent gate.
 10498 | Lair:3   | Noticed a 12-headed hydra
 10498 | Lair:3   | Noticed siradein's ghost (journeyman GrEE)
 10499 | Lair:3   | Noticed a nine-headed hydra
 10675 | Lair:3   | Reached skill level 5 in Shields
 10836 | Lair:3   | Reached skill level 10 in Invocations
 10846 | Lair:4   | Noticed Josephine
 10880 | Lair:4   | Killed Josephine
 11174 | Lair:4   | Gained mutation: You are mostly covered in sharp spines.
                  | [demonic ancestry]
 11174 | Lair:4   | Reached XP level 13. HP: 106/106 MP: 20/20
 11477 | Lair:4   | Reached skill level 10 in Maces & Flails
 11513 | Lair:4   | Found a transporter.
 11555 | Lair:4   | Noticed Daelid's ghost (journeyman MfGl)
 11663 | Lair:4   | Found a transporter.
 11972 | Lair:4   | Found a one-way gate to the infinite horrors of the Abyss.
 12071 | Lair:5   | Identified the +4 mace of Imminent Death {venom, Dex+5}
 12238 | Lair:5   | Received a gift from Okawaru
 12296 | Lair:5   | Received a gift from Okawaru
 12817 | Lair:6   | Entered Level 6 of the Lair of Beasts
 12875 | Lair:6   | Reached skill level 11 in Invocations
 12972 | Lair:6   | Identified the +8 quarterstaff of Pain and Death {vamp, rF-
                  | Str+5}
 13051 | Lair:6   | Identified the +1 plate armour of Grot {+Blink} (Okawaru
                  | gifted it to you on level 6 of the Lair of Beasts)
 13051 | Lair:6   | Received a gift from Okawaru
 13246 | Lair:6   | Noticed Rupert
 13279 | Lair:6   | Slain by Rupert

Illustrated notes

Levels and vault maps discovered:
D:1:      lordsloth_arrival_two_stooges, layout_basic, serial_shops,
          shop_fountains
D:2:      layout_loops_ring, serial_shops, nicolae_shop_crystal, basic_altar,
          ebering_ecumenical_altar_box
D:3:      minmay_diamond_boxcup, layout_rooms, minivault_25,
          minmay_misc_feat_five, minmay_misc_feat_room
D:4:      layout_gridville, minmay_temple_entry_trees,
          kennysheep_generic_room_2, uniq_eustachio, uniq_duvessa
D:5:      layout_basic, lightli_corner_chamber, uniq_pikel
D:6:      layout_rooms, ebering_ghost_gozag, serial_shops, shop, shop,
          nicolae_stop_n_shop_1, nicolae_diamond_shop,
          nicolae_shop_advertising_works [nicolae_subvault_shop_adworks],
          minmay_bent
D:7:      minmay_the_grid_square_5x5_3x3 [minmay_the_grid_square_5x5_seven,
          minmay_the_grid_square_5x5_six,
          minmay_the_grid_square_5x5_eight_small,
          minmay_the_grid_square_5x5_inset,
          minmay_the_grid_square_5x5_megaprize_checkered,
          minmay_the_grid_square_5x5_n_small,
          minmay_the_grid_square_5x5_doubleslash,
          minmay_the_grid_square_5x5_moneybag,
          minmay_the_grid_square_5x5_percent], layout_loops_cross,
          lemuel_round_altar, nicolae_grassy_gnolls
D:8:      kb_forest_paths, layout_basic, serial_shops, shop, uniq_maurice,
          uniq_maggie
D:9:      layout_basic, erik_lair_dragon, minivault_8
Lair:1:   layout_gridlike, minivault_23
Lair:2:   layout_cave_pods, elwin_shoals_entry_stream, spider_nest_entry_rubble
Lair:3:   layout_hall_layers, gammafunk_ghost_hydra_chop,
          grunt_forest_stairs_basic
Lair:4:   layout_hall_layers, gammafunk_ghost_abyssal_escape,
          serial_bayou_ford_a, hangedman_lair_unloving_vines,
          grunt_forest_stairs_clearing, uniq_josephine
Lair:5:   layout_gridlike, serial_bayou_shore_b
Lair:6:   hellmonk_lair_end_abyssal_woods, layout_cave_pods, slime_dummy,
          serial_bayou_pond_d, uniq_rupert

Skill      XL: |  1  2  3  4  5  6  7  8  9 10 11 12 13 |
---------------+----------------------------------------+-----
Maces & Flails | 3 4 5 6 7 8 9 10 | 10.9
Dodging        | 3 4 5 6 7 |  7.6
Invocations    | 1 2 3 4 5 6 7 8 10 11 | 11.2
Throwing       | 2 3 4 |  4.7
Fighting       | 3 4 5 7 8 9 |  9.9
Armour         | 1 2 3 4 6 7 8 |  8.8
Stealth        | 1 2 3 4 |  4.0
Shields        | 1 2 4 5 6 |  6.0
Evocations     | 1 3 4 5 6 8 9 |  9.1
Crossbows      | |  0.1

Action                   |  1- 3 |  4- 6 |  7- 9 | 10-12 | 13-15 || total
-------------------------+-------+-------+-------+-------+-------++-------
Melee: Flail             |   109 |   110 |   118 |       |     5 ||   342
       Punch             |       |     1 |     9 |     1 |       ||    11
       Whip              |       |       |   160 |   947 |   268 ||  1375
       Dire flail        |       |       |       |    16 |       ||    16
       Mace              |       |       |       |       |   209 ||   209
 Fire: Hand crossbow     |       |       |       |       |     5 ||     5
Throw: Stone             |    34 |    23 |    59 |   167 |    27 ||   310
       Boomerang         |       |       |     1 |     1 |       ||     2
       Dart              |       |       |       |     6 |    21 ||    27
Invok: Heroism           |       |     3 |     1 |     8 |     3 ||    15
       Finesse           |       |       |       |     2 |     1 ||     3
Evoke: Wand              |       |       |       |     4 |     6 ||    10
  Use: Potion            |     1 |       |       |       |     1 ||     2
       Scroll            |       |       |       |    11 |     1 ||    12
 Stab: Sleeping          |     1 |     3 |     3 |     9 |     5 ||    21
       Distracted        |       |       |       |     1 |       ||     1
       Invisible         |       |       |       |       |     2 ||     2
Armor: Leather armour    |    18 |       |       |       |       ||    18
       Robe              |     2 |    42 |    75 |   259 |   154 ||   532
Dodge: Dodged            |    63 |   102 |   191 |   388 |   242 ||   986
Block: Other             |    12 |    34 |    28 |     7 |       ||    81
       Buckler           |       |       |       |   261 |   218 ||   479

Table legend: (Time is in decaauts)
 A = Elapsed time spent in this place.
 B = Non-inter-level travel time spent in this place.
 C = Inter-level travel time spent in this place.
 D = Time resting spent in this place.
 E = Time spent auto-exploring this place.
 F = Levels seen in this place.
 G = Mean time per level.
                   A        B        C        D        E       F      G
               +--------+--------+--------+--------+--------+-----+--------+
         Total |  12813 |  12201 |    612 |    334 |   3683 |  15 |  854.2 |
       Dungeon |   7809 |   7281 |    528 |    334 |   2418 |   9 |  867.7 |
          Lair |   5004 |   4921 |     83 |      0 |   1265 |   6 |  834.0 |
               +--------+--------+--------+--------+--------+-----+--------+

Top non-repeatable levels by time:
  Lair:2: 1172 daAuts
     D:1: 1129 daAuts
     D:2: 1107 daAuts
  Lair:4: 1049 daAuts
     D:8: 1021 daAuts
     D:4: 995 daAuts
     D:7: 884 daAuts
     D:5: 871 daAuts
  Lair:3: 838 daAuts
  Lair:5: 781 daAuts
  Lair:1: 718 daAuts
     D:3: 695 daAuts
     D:6: 594 daAuts
     D:9: 508 daAuts
  Lair:6: 444 daAuts
